 Dungeon Crawl Stone Soup version 0.20-a0-809-gaf7f668 (webtiles) character file.

12906 Angani the Spear-Bearer (level 12, -13/97 HPs)
             Began as a Merfolk Skald on Mar 3, 2017.
             Was a High Priest of Okawaru.
             Mangled by a red ugly thing (16 damage)
             ... on level 11 of the Dungeon.
             The game lasted 00:26:27 (11412 turns).

Angani the Spear-Bearer (Merfolk Skald)            Turns: 11412, Time: 00:26:27

Health: -13/97     AC:  9    Str: 15    XL:     12   Next: 0%
Magic:  2/16       EV: 14    Int: 25    God:    Okawaru [*****.]
Gold:   755        SH:  7    Dex: 13    Spells: 13/17 levels left

rFire    . . .     SeeInvis .   E - +10 trident of Extinguishment {pierce, Int+5}
rCold    . . .     Gourm    .   b - +0 leather armour
rNeg     . . .     Faith    .   a - +0 shield
rPois    .         Spirit   .   (no helmet)
rElec    +         Reflect  .   f - scarf of the Valley of Death {Str+4 Stlth+}
rCorr    .         Harm     .   k - +1 pair of gloves
MR       .....                  (no boots)
Stlth    +++.......             (no amulet)
Regen    0.3/turn               g - +4 ring of protection
MPRegen  0.2/turn               v - ring of stealth

@: about to teleport, very slightly contaminated
A: change form in water, swift swim, stealthy swim, clever 1, electricity
resistance, wild magic 1
a: Heroism, Finesse, Renounce Religion


You were on level 11 of the Dungeon.
You worshipped Okawaru.
Okawaru was extremely pleased with you.
You were hungry.

You visited 2 branches of the dungeon, and saw 12 of its levels.
You also visited: Sewer.

You collected 755 gold pieces.

Inventory:

Hand Weapons
 E - the +10 trident of Extinguishment (weapon) {pierce, Int+5}
   (You found it on level 8 of the Dungeon)

   It inflicts extra damage upon your enemies.
   It affects your intelligence (+5).
 H - a +3 bardiche
Armour
 a - a +0 shield (worn)
 b - a +0 leather armour (worn)
 f - the scarf of the Valley of Death (worn) {Str+4 Stlth+}
   (You found it on level 7 of the Dungeon)

   It affects your strength (+4).
   It makes you more stealthy.
 k - a +1 pair of gloves (worn)
Jewellery
 g - a +4 ring of protection (right hand)
 h - an uncursed ring of flight
 v - a ring of stealth (left hand)
 w - an uncursed ring of fire
 A - a +2 ring of evasion {unknown}
 I - a +3 ring of dexterity {unknown}
 L - a cursed ring of teleportation {unknown}
Wands
 F - a wand of polymorph (8/24)
 K - a wand of confusion (32/48)
Scrolls
 t - a scroll of fog
 u - 3 scrolls of teleportation
 y - 2 scrolls of fear
 J - a scroll of remove curse
Potions
 j - a potion of flight
 l - 2 potions of heal wounds
 n - 2 potions of magic
 o - a potion of lignification
 p - 8 potions of curing {unknown}
 q - 2 potions of brilliance {unknown}
 s - 2 potions of ambrosia {unknown}
 C - 2 potions of haste {unknown}
 D - a potion of degeneration {unknown}
 G - 2 potions of mutation
Books
 c - a book of Battle

   Spells                             Type                      Level
   a - Infusion                       Charms                       1
   b - Shroud of Golubria             Charms/Translocation         2
   c - Song of Slaying                Charms                       2
   d - Spectral Weapon                Hexes/Charms                 3
   e - Regeneration                   Charms/Necromancy            3
 r - a book of Minor Magic

   Spells                             Type                      Level
   a - Magic Dart                     Conjuration                  1
   b - Blink                          Translocation                2
   c - Call Imp                       Summoning                    2
   d - Slow                           Hexes                        2
   e - Conjure Flame                  Conjuration/Fire             3
   f - Mephitic Cloud                 Conjuration/Poison/Air       3
 x - a book of Cantrips

   Spells                             Type                      Level
   a - Confusing Touch                Hexes                        1
   b - Animate Skeleton               Necromancy                   1
   c - Summon Small Mammal            Summoning                    1
   d - Apportation                    Translocation                1
 B - a book of Changes

   Spells                             Type                      Level
   a - Beastly Appendage              Transmutation                1
   b - Sticks to Snakes               Transmutation                2
   c - Spider Form                    Transmutation/Poison         3
   d - Ice Form                       Ice/Transmutation            4
   e - Blade Hands                    Transmutation                5
Miscellaneous
 e - a phial of floods
Comestibles
 d - 8 bread rations
 i - 9 meat rations
 m - 4 royal jellies
 z - 2 fruits


   Skills:
 - Level 10.0 Fighting
 - Level 10.4 Polearms
 - Level 0.6 Armour
 - Level 10.1 Dodging
 - Level 3.1 Spellcasting
 - Level 10.0 Hexes
 + Level 9.5 Charms


You had 13 spell levels left.
You knew the following spells:

 Your Spells              Type           Power        Failure   Level  Hunger
a - Infusion              Chrm           ####         3%          1    None
b - Spectral Weapon       Hex/Chrm       ######..     10%         3    ###....


Dungeon Overview and Level Annotations

Branches:
Dungeon (11/15)            Temple (1/1) D:6            Lair (0/6) D:11
    Orc (0/2) D:10

Altars:
Ashenzari
Cheibriados
Dithmenos
Elyvilon
Fedhas
Gozag
Hepliaklqana
Kikubaaqudgha
Makhleb
Nemelex Xobeh
Okawaru
Qazlal
Ru
Sif Muna
Trog
Uskayaw
Vehumet
Wu Jian
Xom
Yredelemnul
Zin
The Shining One

Shops:
D:4 %


Innate Abilities, Weirdness & Mutations

You revert to your normal form in water.
You are very nimble and swift while swimming.
You are very stealthy in the water. (Stealth+)
Your mind is acute. (Int +2)
You are resistant to electric shocks. (rElec)
Your spells are a little harder to cast, but a little more powerful.


Message History

Your spectral weapon fades away.
Unknown command.
Casting: Spectral Weapon
Confirm with . or Enter, or press ? or * to list all spells.
You miscast Spectral Weapon.
Nothing appears to happen.
Unknown command.
Unknown command.
Casting: Spectral Weapon
Confirm with . or Enter, or press ? or * to list all spells.
You draw out your weapon's spirit!
Unknown command.
Unknown command.
The red ugly thing kicks you.
You are engulfed in flames!!
* * * LOW HITPOINT WARNING * * *
Unknown command.
As you read the scroll of teleportation, it crumbles to dust.
You feel strangely unstable. The red ugly thing kicks you!
* * * LOW HITPOINT WARNING * * *
You are engulfed in flames!
You die...

#+####.#.#.......###############
#................'.....#.......#
#..######........#####.#.#####.#
..## ##...###.# #.#<†...#.# .##
##|....># #.#.#.###.# ##
##.###.# #.#.#.###.## # #..##>#
#.#....##..# # ##.##.#
#.######.... # #.##@#####.#
#...... # #.##uu(....# #...... #
#.##.####### #.._... # #.##)#..#
#.....# # #..#.#..# #.....# #
##.#†#..#######..#.## #
#...#.............# ###
#...##.############ #.# ≈
#......######


You could see 2 ugly things and a friendly spectral trident of Extinguishment
{pierce, Int+5}.

Vanquished Creatures
  Fannar (D:11)
  2 two-headed ogres
  The ghost of lolicon the Basher, a novice NaFi of Cheibriados (D:8)
  A wizard (D:11)
  The ghost of Kiel97 the Blocker, a novice HaFi of Trog (D:7)
  Pikel (D:7)
  5 ugly things
  A cyclops (D:11)
  2 trolls
  A hippogriff (D:8)
  A spriggan (D:7)
  A shadow (D:11)
  4 water elementals (D:11)
  4 yaks (D:9)
  2 hungry ghosts
  Menkaure (D:6)
  An acid dragon (D:10)
  2 orc warriors
  A water moccasin (D:11)
  A hornet zombie (D:10)
  4 ice beasts
  A sky beast (D:11)
  A slave (D:7)
  3 phantoms
  3 ogres
  5 centaurs
  A crocodile (D:9)
  Blork the orc (D:6)
  4 big kobolds
  3 bullfrogs
  A gnoll sergeant (D:7)
  5 scorpions
  A wyvern skeleton (D:10)
  3 howler monkeys
  4 jellies
  7 crimson imps
  3 hounds
  A bullfrog zombie (D:6)
  2 orc priests
  2 orc wizards
  A quasit (D:5)
  2 bullfrog skeletons
  5 worker ants
  4 iguanas
  A hound zombie (D:7)
  A hound skeleton (D:5)
  2 worker ant zombies
  5 gnolls (D:7)
  15 adders
  A howler monkey skeleton (D:4)
  A river rat (Sewer)
  2 shadow imps
  10 oozes
  4 adder skeletons
  3 worms
  3 dart slugs (D:1)
  10 leopard geckos
  18 orcs
  4 giant cockroaches
  8 goblins
  2 hobgoblins (D:2)
  11 jackals
  A quokka (D:10)
  6 ball pythons
  10 bats
  23 kobolds
  14 rats
256 creatures vanquished.

Vanquished Creatures (others)
  A slave (D:7)
  2 bullfrogs (D:7)
  A hound skeleton (D:7)
  An adder (D:7)
  An orc (D:7)
  4 kobolds (D:7)
  3 spectral weapons (D:11)
13 creatures vanquished.

Grand Total: 269 creatures vanquished

Notes
Turn   | Place    | Note
-------+----------+-------------------------------------------
     0 | D:1      | Angani the Merfolk Skald began the quest for the Orb.
     0 | D:1      | Reached XP level 1. HP: 16/16 MP: 3/3
    99 | D:1      | Reached XP level 2. HP: 8/22 MP: 5/5
   615 | D:1      | Reached XP level 3. HP: 27/27 MP: 6/6
   669 | D:1      | Reached skill level 5 in Polearms
  1564 | D:2      | Reached XP level 4. HP: 31/33 MP: 7/7
  1955 | D:3      | Noticed a centaur
  1973 | D:3      | Killed a centaur
  1973 | D:3      | Reached XP level 5. HP: 9/38 MP: 8/8
  2973 | D:4      | Gained mutation: You are resistant to electric shocks. (rElec) [potion of mutation]
  2973 | D:4      | Gained mutation: Your spells are a little harder to cast, but a little more powerful. [potion of mutation]
  2973 | D:4      | Gained mutation: Your mind is acute. (Int +2) [potion of mutation]
  3224 | D:4      | Reached XP level 6. HP: 27/44 MP: 9/9
  3629 | D:4      | Found Ompuyc's Food Boutique.
  3657 | D:4      | Found a sparkling altar of Nemelex Xobeh.
  4006 | D:5      | Entered Level 5 of the Dungeon
  4097 | D:5      | Noticed an ice beast
  4110 | D:5      | Killed an ice beast
  4110 | D:5      | Reached skill level 10 in Polearms
  4110 | D:5      | Reached XP level 7. HP: 33/50 MP: 10/10
  4355 | D:5      | Found a glowing drain.
  4373 | Sewer    | Entered a sewer
  4430 | Sewer    | Reached skill level 5 in Dodging
  5525 | D:5      | Reached XP level 8. HP: 54/56 MP: 11/11
  5970 | D:6      | Noticed Blork the orc
  5982 | D:6      | Killed Blork the orc
  6013 | D:6      | Noticed Menkaure
  6031 | D:6      | Killed Menkaure
  6427 | D:7      | Got a crude trident
  6428 | D:7      | Identified the +9 trident "Quseos" {protect, Dex+4} (You found it on level 7 of the Dungeon)
  6461 | D:7      | Reached skill level 10 in Dodging
  6507 | D:7      | Noticed Pikel
  6530 | D:7      | Killed Pikel
  6530 | D:7      | Reached XP level 9. HP: 59/69 MP: 12/12
  6699 | D:7      | Noticed Kiel97's ghost (novice HaFi)
  6717 | D:7      | Killed Kiel97's ghost
  7039 | D:7      | Got a shimmering scarf
  7050 | D:7      | Identified the scarf of the Valley of Death {Str+4 Stlth+} (You found it on level 7 of the Dungeon)
  7295 | D:6      | Found a staircase to the Ecumenical Temple.
  7305 | Temple   | Entered the Ecumenical Temple
  7388 | Temple   | Became a worshipper of Warmaster Okawaru
  7422 | D:6      | Reached skill level 10 in Fighting
  7435 | D:6      | Reached XP level 10. HP: 85/85 MP: 13/13
  7683 | D:6      | Learned a level 3 spell: Spectral Weapon
  8000 | D:8      | Noticed lolicon's ghost (novice NaFi)
  8447 | D:8      | Killed lolicon's ghost
  8519 | D:8      | Reached * piety under Okawaru
  8521 | D:8      | Noticed a two-headed ogre
  8534 | D:8      | Killed a two-headed ogre
  8534 | D:8      | Reached skill level 5 in Charms
  8785 | D:8      | Reached ** piety under Okawaru
  8848 | D:8      | Got a translucent trident
  8973 | D:8      | Reached skill level 5 in Hexes
  9519 | D:9      | Reached *** piety under Okawaru
  9584 | D:9      | Reached XP level 11. HP: 90/90 MP: 15/15
  9745 | D:9      | Found a basalt altar of Yredelemnul.
  9864 | D:10     | Entered Level 10 of the Dungeon
  9887 | D:10     | Identified the +10 trident of Extinguishment {pierce, Int+5} (You found it on level 8 of the Dungeon)
  9890 | D:10     | What even is this start
  9890 | D:10     | Two powerful artifact tridents on a mf
  9997 | D:10     | Found a staircase to the Orcish Mines.
 10147 | D:10     | Noticed a brown ugly thing
 10154 | D:10     | Killed a brown ugly thing
 10226 | D:11     | Found a bloodstained altar of Trog.
 10411 | D:11     | Noticed a two-headed ogre
 10429 | D:11     | Killed a two-headed ogre
 10429 | D:11     | Reached **** piety under Okawaru
 10703 | D:11     | Noticed a cyclops
 10710 | D:11     | Killed a cyclops
 11075 | D:11     | Reached ***** piety under Okawaru
 11196 | D:11     | Noticed Fannar
 11204 | D:11     | Killed Fannar
 11322 | D:11     | Found a staircase to the Lair.
 11372 | D:11     | Noticed a green ugly thing
 11372 | D:11     | Noticed a green ugly thing
 11372 | D:11     | Noticed a cyan ugly thing
 11373 | D:11     | Noticed a cyan ugly thing
 11373 | D:11     | Noticed a brown ugly thing
 11378 | D:11     | Noticed a purple ugly thing
 11379 | D:11     | Killed a green ugly thing
 11382 | D:11     | Killed a brown ugly thing
 11388 | D:11     | Noticed a wizard
 11388 | D:11     | Killed a cyan ugly thing
 11399 | D:11     | Killed a red ugly thing
 11399 | D:11     | Reached skill level 10 in Hexes
 11405 | D:11     | Killed a wizard
 11405 | D:11     | Reached XP level 12. HP: 45/97 MP: 7/16
 11412 | D:11     | HP: 3/97 [red ugly thing (9)]
 11412 | D:11     | Mangled by a red ugly thing

Vault maps used:
D:1:      tarquinn_simple_flora_water_d
D:4:      serial_shops, nicolae_shop_crystal, nemelex_dance_club_becter
D:5:      first_bread, gup_sewer_entry_pipe
D:6:      minmay_temple_entry_mist, uniq_menkaure, uniq_blork_the_orc
D:7:      the_bakery, uniq_pikel
D:9:      overflow_temple_1_default
D:10:     cheibrodos_elevator_heist, orc_0_dummy
D:11:     cheibrodos_breeding_chamber, lair_entry_dummy, basic_altar,
          nicolae_underground_beach, uniq_fannar
Temple:   grunt_wide_crystal_templ
Sewer:    sewer_co_tree

Skill      XL: |  1  2  3  4  5  6  7  8  9 10 11 |
---------------+----------------------------------+-----
Polearms       | 4 6 7 8 10 | 10.4
Dodging        | 7 10 | 10.1
Fighting       | 6 10 | 10.0
Spellcasting   | 3 |  3.1
Hexes          | 6 10 | 10.0
Charms         | 7 9 |  9.5
Armour         | |  0.6

Action                   |  1- 3 |  4- 6 |  7- 9 | 10-12 || total
-------------------------+-------+-------+-------+-------++-------
Melee: Spear             |   130 |   211 |   254 |       ||   595
       Trident           |       |    43 |   160 |   337 ||   540
       Tailslap          |       |       |     5 |       ||     5
 Cast: Infusion          |     1 |     1 |       |     1 ||     3
       Spectral Weapon   |       |       |       |     8 ||     8
  Use: Potion            |       |     6 |     3 |       ||     9
       Scroll            |       |     9 |     4 |     9 ||    22
 Stab: Sleeping          |       |     6 |    15 |    13 ||    34
       Distracted        |       |       |     1 |     2 ||     3
  Eat: Chunk             |     2 |     8 |     9 |    16 ||    35
Armor: Leather armour    |    29 |    79 |    60 |    48 ||   216
Dodge: Dodged            |    70 |   137 |   120 |    95 ||   422
Block: Shield            |       |       |     9 |    63 ||    72
